 Dungeon Crawl Stone Soup version 0.27.1-34-g3ba077fa99 (webtiles) character file.

Game seed: 8738654010534197465

103 squill the Conjurer (level 4, 0/37 HPs)
             Began as a Hill Orc Conjurer on Jan 11, 2022.
             Was a Follower of Cheibriados.
             Slain by a scorpion (6 damage)
             ... on level 6 of the Dungeon.
             The game lasted 00:04:31 (3084 turns).

squill the Conjurer (Hill Orc Conjurer)             Turns: 3084, Time: 00:04:33

Health: 0/37       AC:  4    Str:  9 (12) XL:     4   Next: 79%
Magic:  7/7        EV: 11    Int: 19 (22) God:    Cheibriados [*.....]
Gold:   90         SH:  0    Dex:  9 (12) Spells: 4/7 levels left

rFire    . . .     SeeInvis .   b - +0 short sword
rCold    . . .     Faith    .   (no shield)
rNeg     . . .     Spirit   .   e - +0 leather armour
rPois    .         Reflect  .   (no helmet)
rElec    .         Harm     .   (no cloak)
rCorr    .         Rampage  .   c - +0 pair of gloves
Will     .....                  (no boots)
Stlth    +.........             (no amulet)
HPRegen  0.12/turn              (no ring)
MPRegen  0.10/turn              (no ring)

@: confused, brilliant, lethally poisoned (0 -> -14), ambrosia-drunk,
attractive, very slow
A: no striking features
a: Renounce Religion, Bend Time


You were on level 6 of the Dungeon.
You worshipped Cheibriados.
Cheibriados was aware of your devotion.
You visited 1 branch of the dungeon, and saw 4 of its levels.

You collected 90 gold pieces.

Inventory:

Hand Weapons
 b - a +0 short sword (weapon)
Armour
 c - a +0 pair of gloves (worn)
 e - a +0 leather armour (worn)
 k - a +0 ring mail
Scrolls
 d - a scroll of noise {unknown}
 g - a scroll of immolation {unknown}


   Skills:
 + Level 2.3 Fighting
 + Level 2.1 Armour
 - Level 1.5 Dodging
 - Level 1.5 Stealth
 + Level 2.2 Spellcasting
 + Level 4.5 Conjurations


You had 4 spell levels left.
You knew the following spells:

 Your Spells              Type           Power      Damage    Failure   Level
a - Magic Dart            Conj           100%       1d8       3%          1
b - Searing Ray           Conj           58%        3d5       5%          2

Your spell library contained the following spells:

 Spells                   Type           Power      Damage    Failure   Level
 Dazzling Flash           Conj/Hex       32%        N/A       26%         3
 Ozocubu's Armour         Ice            3%         N/A       56%         3
 Fulminant Prism          Conj/Hex       8%         3d7       65%         4
 Iskenderun's Mystic Bla  Conj/Tloc      16%        2d5       65%         4
 Metabolic Englaciation   Hex/Ice        1%         N/A       99%         5
 Simulacrum               Ice/Necr       1%         N/A       100%        6


Dungeon Overview and Level Annotations

Branches:
Dungeon (3/15)

Altars:
Cheibriados


Message History

The scorpion poisons you!
You closely miss the scorpion.
The scorpion is almost dead.
You feel sick. The scorpion stings you!
* * * LOW HITPOINT WARNING * * *
The scorpion stings you!
* * * LOW HITPOINT WARNING * * *
You feel better. The scorpion closely misses you.
It was a potion of ambrosia.
You are confused.
You feel invigorated. The scorpion stings you!
* * * LOW HITPOINT WARNING * * *
You are lethally poisoned!
The scorpion poisons you!
You're too confused to cast spells.
You're too confused to move!
You feel sick. The scorpion barely misses you.
You feel very sick. The scorpion stings you!
* * * LOW HITPOINT WARNING * * *
The scorpion stings you.
* * * LOW HITPOINT WARNING * * *
You are more poisoned.
The scorpion poisons you!
It was a potion of brilliance.
You feel clever all of a sudden.
* * * LOW HITPOINT WARNING * * *
You feel very sick. The scorpion barely misses you.
It was a potion of attraction.
You feel attractive to monsters.
* * * LOW HITPOINT WARNING * * *
You feel very sick. The scorpion barely misses you. x2
It was a potion of degeneration.
There was something very wrong with that liquid.
You feel weakened.
You feel dopey.
You feel clumsy.
* * * LOW HITPOINT WARNING * * *
You feel very sick. The scorpion stings you.
You die...

......... .........
......... ........#
....$...# ........#
........# ......s@#
#######.# #
################.##.#
....................#
################.####
.................#
.################# .#
.#


You could see a scorpion.

Vanquished Creatures
  Terence (D:2)
  2 adders (D:2)
  An adder skeleton (D:3)
  A worm (D:3)
  2 dart slugs
  An orc (D:3)
  2 endoplasms
  2 giant cockroaches (D:1)
  3 goblins
  6 hobgoblins
  2 jackals (D:1)
  4 kobolds
  A quokka (D:1)
  2 ball pythons (D:1)
  8 bats
  7 frilled lizards
  A giant cockroach zombie (D:3)
  A jackal skeleton (D:3)
  4 rats
51 creatures vanquished.

Notes
Turn   | Place    | Note
-------+----------+-------------------------------------------
     0 | D:1      | squill the Hill Orc Conjurer began the quest for the Orb.
     0 | D:1      | Reached XP level 1. HP: 14/14 MP: 3/3
   183 | D:1      | Reached XP level 2. HP: 22/22 MP: 1/4
   324 | D:1      | Reached skill level 1 in Fighting
   334 | D:1      | Reached skill level 1 in Armour
   736 | D:1      | Reached XP level 3. HP: 28/28 MP: 1/5
  1066 | D:1      | Found a faded altar of an unknown god.
  1072 | D:1      | Became a worshipper of Cheibriados the Contemplative
  1072 | D:1      | Reached * piety under Cheibriados
  1579 | D:2      | Noticed Terence
  1765 | D:3      | Learned a level 2 spell: Searing Ray
  1780 | D:2      | Killed Terence
  1781 | D:2      | Reached XP level 4. HP: 36/36 MP: 0/7
  3009 | D:3      | You fall into a shaft and drop 3 floors!
  3061 | D:6      | Noticed a scorpion
  3081 | D:6      | HP: 1/37 [scorpion (5)]
  3084 | D:6      | Slain by a scorpion

Illustrated notes

Levels and vault maps discovered:
D:1:      amcnicky_arrival_blooded_trapdoor, layout_loops_ring,
          hellmonk_ecumenical_altar_leap_of_faith,
          wander_ebering_terrifying_dragon_lair
D:2:      layout_basic, serial_co_window_serial, co_window_corner_a,
          co_window_paths_b, co_window_paths_a, co_window_corner_a,
          co_window_of_opportunity_a, co_window_corner_a, co_window_paths_a,
          co_window_paths_a, co_window_of_opportunity_a, co_window_corner_cb,
          co_window_corner_b, co_window_of_opportunity_b,
          co_window_unsneaky_path_d, co_window_of_opportunity_c, co_window_sun,
          glass_columns_a, uniq_terence
D:3:      layout_basic, jmf_multi_god_temple2, serial_undead, serial_undead_b,
          serial_undead_e, serial_undead_a, serial_undead_e,
          palyth_stone_intersect, minmay_misc_feat_room, uniq_natasha
D:6:      layout_basic, vehumet_statue, uniq_edmund

Skill      XL: |  1  2  3 |
---------------+----------+-----
Fighting       | 1 2 |  2.3
Armour         | 1 2 |  2.1
Spellcasting   | 2 |  2.2
Dodging        | |  1.5
Stealth        | |  1.5
Conjurations   | |  4.5

Action                   |  1- 3 |  4- 6 || total
-------------------------+-------+-------++-------
Melee: Short sword       |    28 |    13 ||    41
 Cast: Magic Dart        |    66 |    38 ||   104
       Searing Ray       |     1 |     1 ||     2
  Use: Potion            |       |     6 ||     6
 Stab: Sleeping          |     3 |       ||     3
Armor: Robe              |     8 |       ||     8
       Leather armour    |     1 |     3 ||     4
Dodge: Dodged            |    29 |    14 ||    43
